 Dungeon Crawl Stone Soup version 0.31.0-32-g396128a36d (webtiles) character file.

Game seed: 14693657715000706566

109 BobbitoMcGitto the Poker (level 4, -3/61 HPs)
             Began as a Minotaur Berserker on Apr 10, 2024.
             Was a Believer of Trog.
             Killed by divine providence
             ... invoked by an orc priest
              (11 damage)
             ... on level 2 of the Dungeon.
             The game lasted 00:03:59 (1499 turns).

BobbitoMcGitto the Poker (Minotaur Berserker)       Turns: 1499, Time: 00:03:59

Health: -3/61      AC:  3    Str: 23    XL:     4   Next: 60%
Magic:  3/3        EV: 17    Int:  4    God:    Trog [**....]
Gold:   126        SH:  0    Dex: 10    Spells: 3/3 levels left

rFire   . . .        j - +0 halberd
rCold   . . .        (shield currently unavailable)
rNeg    . . .        b - +0 animal skin
rPois   .            (helmet restricted)
rElec   .            (no cloak)
rCorr   .            (no gloves)
SInv    .            e - +0 pair of boots
Will    .....        (no amulet) Stlth
                     c - +5 ring of evasion
HPRegen 0.30/turn    (no ring)
MPRegen 0.08/turn

%: no passive effects
@: berserking, very quick
A: horns 2, retaliatory headbutt
a: Renounce Religion, Berserk, Trog's Hand


You were on level 2 of the Dungeon.
You worshipped Trog.
Trog was pleased with you.
You visited 1 branch of the dungeon, and saw 2 of its levels.

You collected 126 gold pieces.

Inventory:

Hand Weapons
 a - a +0 spear
 j - a +0 halberd (weapon)
Missiles
 d - 4 boomerangs (quivered)
 k - a throwing net
Armour
 b - a +0 animal skin (worn)
 e - a +0 pair of boots (worn)
 h - a +0 ring mail
Jewellery
 c - a +5 ring of evasion (left hand)
Scrolls
 f - 2 scrolls of identify {unknown}
 g - a scroll of amnesia {unknown}
 i - a scroll of teleportation {unknown}
 m - a scroll of noise {unknown}
Potions
 l - a potion of degeneration {unknown}


   Skills:
 + Level 4.9 Fighting
 + Level 5.0 Polearms
 + Level 2.7 Armour
 + Level 2.8 Dodging
 + Level 0.3 Stealth


You had 3 spell levels left.
You didn't know any spells.
Your spell library was empty.

Dungeon Overview and Level Annotations

Branches:
Dungeon (2/15)

Altars:


Innate Abilities, Weirdness & Mutations

You have a pair of horns on your head.
You reflexively headbutt those who attack you in melee.


Message History

You barely miss the orc wizard. You headbutt the orc wizard!
The orc wizard is heavily wounded.
The orc wizard closely misses you.
The orc priest mumbles some strange prayers to Beogh against you.
Beogh smites you!
* * * LOW HITPOINT WARNING * * *
The orc wizard casts a spell at you.
You are confused.
You are too confused!
You are too confused!
You closely miss the orc wizard.
The orc wizard is heavily wounded.
The orc wizard hits you but does no damage.
You closely miss the orc wizard. You headbutt the orc wizard!
You kill the orc wizard!
Trog accepts your kill.
Trog appreciates your killing of a magic user.
Your Polearms skill increases to level 5!
There is a stone staircase leading up here.
You feel less confused.
You barely miss the orc.
The orc priest casts a cantrip, but nothing happens.
The orc priest attacks as it pursues you!
The orc priest misses you.
The orc priest begins to cast a cantrip, but forgets the words!
The orc attacks as it pursues you! The orc closely misses you.
The orc priest invokes the aid of Beogh against you.
Pain shoots through your body!
* * * LOW HITPOINT WARNING * * *
The orc attacks as it pursues you! The orc closely misses you.
A red film seems to cover your vision as you go berserk!
You feel yourself moving faster!
You feel mighty! The orc hits you with a +0 club.
* * * LOW HITPOINT WARNING * * *
You puncture the orc!
You kill the orc!
Trog accepts your kill.
The orc priest invokes the aid of Beogh against you.
Beogh smites you!
You die...

.......<##.##..# ##..#
.....#####.##..#####.## #..###
#.##.........## #..#
##.###..#..##..# # ...#
#..###.........#####.## ...##
##......#.##.##..))....#
#...####.......#.##....###.....#
#.#>##.........#.#...<.........#
..#.............@)o.......<....#
...............#..########.....#
###...........†##..# #.....#
.#..###.#......###.# #.....#
..<.............##.#############
###......................#
#######......##.(......#
#########........# #####..######


You could see an orc priest.

Vanquished Creatures
  An orc wizard (D:2)
  4 gnolls (D:2)
  2 ribbon worms (D:2)
  2 dart slugs (D:1)
  2 orcs (D:2)
  5 endoplasms
  2 giant cockroaches
  2 goblins
  4 hobgoblins
  A ball python (D:2)
  6 bats
  4 frilled lizards (D:1)
  6 rats
41 creatures vanquished.

Notes
Turn   | Place    | Note
-------+----------+-------------------------------------------
     0 | D:1      | BobbitoMcGitto the Minotaur Berserker began the quest for
                  | the Orb.
     0 | D:1      | Reached XP level 1. HP: 19/19 MP: 0/0
   165 | D:1      | Reached XP level 2. HP: 27/27 MP: 1/1
   165 | D:1      | Noticed a golden eye
   176 | D:1      | Reached skill level 4 in Polearms
   196 | D:1      | Noticed a glass eye
   198 | D:1      | Found a faded altar of an unknown god.
   206 | D:1      | Noticed an eye of devastation
   206 | D:1      | Noticed a glass eye
  1044 | D:2      | Reached XP level 3. HP: 31/33 MP: 2/2
  1192 | D:2      | Reached XP level 4. HP: 41/41 MP: 3/3
  1235 | D:2      | Reached ** piety under Trog
  1488 | D:2      | Reached skill level 5 in Polearms
  1499 | D:2      | Killed from afar by an orc priest

Illustrated notes

Levels and vault maps discovered:
D:1:      tekkud_arrival_beachfront_property, layout_basic,
          hellmonk_ecumenical_altar_watching_god
D:2:      layout_rooms

Skill      XL: |  1  2  3  4 |
---------------+-------------+-----
Polearms       | 4 5 |  5.0
Fighting       | 4 |  4.9
Armour         | |  2.7
Dodging        | |  2.8
Stealth        | |  0.3

Action                     |  1- 3 |  4- 6 || total
---------------------------+-------+-------++-------
  Melee: Spear             |    61 |     3 ||    64
         Headbutt          |    12 |     3 ||    15
         Punch             |     1 |     1 ||     2
         Halberd           |       |    25 ||    25
 Invoke: Berserk           |     1 |     1 ||     2
 Armour: Animal skin       |    27 |    11 ||    38
  Dodge: Dodged            |    58 |    32 ||    90
